 Dungeon Crawl Stone Soup version 0.31-a0-237-g2d982f9f85 (webtiles) character file.

Game seed: 9255106368239579686

5177 qw the Skirmisher (level 10, -3/65 HPs)
             Began as a Gargoyle Hexslinger on July 11, 2023.
             Was a Priest of Okawaru.
             Killed by divine providence
             ... invoked by an orc priest
              (12 damage)
             ... on level 9 of the Dungeon.
             The game lasted 00:03:51 (7611 turns).

qw the Skirmisher (Gargoyle Hexslinger)             Turns: 7611, Time: 00:03:51

Health: -3/65      AC: 20    Str: 17    XL:     10   Next: 60%
Magic:  13/13      EV: 15    Int: 15    God:    Okawaru [***...]
Gold:   261        SH:  0    Dex: 16    Spells: 10/11 levels left

rFire   + . .        Y - +0 orcbow (drain)
rCold   . . .        (shield currently unavailable)
rNeg    + . .        s - +0 ring mail {rF+}
rPois   inf          (no helmet)
rElec   +            d - +0 cloak
rCorr   +            h - +2 pair of gloves
SInv    .            a - +0 pair of boots
Will    .....        (no amulet)
Stlth   ++           n - +6 ring of strength
HPRegen 0.30/turn    o - ring of resist corrosion
MPRegen 0.13/turn

%: no passive effects
@: about to teleport, heroic
A: sickness immunity, AC +7, negative energy resistance 1, electricity
resistance, torment resistance 1, petrification resistance
a: Renounce Religion, Heroism


You were on level 9 of the Dungeon.
You worshipped Okawaru.
Okawaru was most pleased with you.
You visited 2 branches of the dungeon, and saw 10 of its levels.

You collected 261 gold pieces.


Innate Abilities, Weirdness & Mutations

You are immune to sickness and miasma.
Your stone body is resilient. (AC +7)
You are immune to poison.
You resist negative energy. (rN+)
You are resistant to electric shocks. (rElec)
You are resistant to unholy torment.
You are immune to petrification.


   Skills:
 - Level 8.7(13.7) Fighting
 + Level 11.6(16.6) Ranged Weapons
 - Level 4.0(9.0) Armour
 - Level 3.0(8.0) Dodging
 - Level 1.0 Spellcasting
 - Level 2.6 Hexes
 - Level 4.3 Invocations


You had 10 spell levels left.
You knew the following spells:

 Your Spells              Type           Power      Damage    Failure   Level
a - Slow                  Hex            32%        N/A       13%         1

Your spell library contained the following spells:

 Spells                   Type           Power      Damage    Failure   Level
 Inner Flame              Hex/Fire       4%         N/A       56%         3
 Portal Projectile        Hex/Tloc       8%         N/A       56%         3
 Cause Fear               Hex            4%         N/A       78%         4

Inventory:

Hand Weapons
 Y - a +0 orcbow of draining (weapon)
Armour
 a - a +0 pair of boots (worn)
 d - a +0 cloak (worn)
 g - a +0 helmet
 h - a +2 pair of gloves (worn)
 s - a +0 ring mail of fire resistance (worn)
Jewellery
 n - a +6 ring of strength (left hand)
 o - a ring of resist corrosion (right hand)
Scrolls
 i - 6 scrolls of teleportation
 l - 2 scrolls of identify
Potions
 b - 2 potions of might
 c - 2 potions of enlightenment
 e - 2 potions of mutation
 f - a potion of degeneration {unknown}
 k - a potion of curing {unknown}
 p - a potion of haste

Dungeon Overview and Level Annotations

Branches:
Dungeon (9/15)             Temple (1/1) D:5            Lair (0/5) D:9
    Orc: D:9-12

Altars:
Ashenzari
Cheibriados
Fedhas
Gozag
Hepliaklqana
Kikubaaqudgha
Makhleb
Nemelex Xobeh
Okawaru
Qazlal
Ru
Sif Muna
Trog
Uskayaw
Vehumet
Wu Jian
Xom
Yredelemnul
Zin
The Shining One

Shops:
D:2 (   D:7 [   D:8 :

Annotations:
D:5 1 runed translucent door, Crazy Yiuf
D:7 2 transporters


Message History

The puff of flame misses you.
The puff of flame hits the orc!
The orc dies!
The ice beast hits you. The ice beast freezes you.
The killer bee stings you but does no damage.
The killer bee barely misses you.
You hear some strange, mumbled words.
A magic dart appears from out of thin air!
The magic dart hits you but does no damage.
The ice beast hits you but does no damage.
The killer bee stings you.
The killer bee stings you but does no damage.
You hear some strange, mumbled words.
Something tries to affect you, but you resist.
The ice beast closely misses you.
The killer bee stings you but does no damage. x2
You hear some strange, mumbled words.
A magic dart appears from out of thin air!
The magic dart hits you. The ice beast barely misses you.
The killer bee misses you.
The killer bee stings you but does no damage.
The orc priest begins to cast a cantrip, but forgets the words!
Something hits you but does no damage.
An orc priest comes into view. It is wielding a +0 trident.
The ice beast closely misses you.
The orc priest shouts!
You hear a shout! x2
The killer bee misses you. The killer bee closely misses you.
Something hits you but does no damage.
The ice beast hits you but does no damage.
You feel less confused. The killer bee barely misses you.
The killer bee misses you. Something hits you but does no damage.
The orc priest mumbles some strange prayers to Beogh against you.
Beogh smites you! The ice beast closely misses you.
7611 ||| READING 7 scrolls of teleportation.
As you read the scroll of teleportation, it crumbles to dust.
You feel strangely unstable. The killer bee stings you.
The killer bee barely misses you.
The orc priest calls down the wrath of Beogh upon you.
Beogh smites you!
You die...

.......##.##...........
....:...#..............
. ........~.............
.............[..........
#...#.#...~............
#.. ##.................
##... ##.#..##..........
#....o#).#..............
...oyoY@.#............##
#....oy{.....<..........
.#...###.~...##.##......
##.# ......##.#####...
#.. .........# ##..# ...
.....#....###.... ..
...##.##........
.......###......
.....##......


You could see an orc warrior, an ice beast (drained), 2 killer bees, 2 orc
priests and an orc wizard.

Vanquished Creatures
  Erica (D:8)
  A rime drake (D:9)
  A water moccasin (D:6)
  6 ice beasts
  3 orc warriors
  3 black bears
  A sky beast (D:8)
  2 wolves (D:9)
  5 centaurs
  2 phantoms
  4 bullfrogs
  2 necrophages (D:5)
  3 scorpions
  2 water moccasin zombies (D:5)
  15 killer bees
  2 howler monkeys
  A centaur zombie (D:5)
  2 bullfrog zombies (D:5)
  A human zombie (D:5)
  2 hounds
  4 orc priests
  A jelly (D:6)
  2 sleepcaps (D:5)
  Jessica (D:2)
  3 iguanas
  A scorpion zombie (D:5)
  9 orc wizards
  2 mummies (D:5)
  A howler monkey zombie (D:5)
  5 adders
  A shadow imp (D:6)
  2 ufetubi
  3 dart slugs
  32 orcs
  7 ball pythons
  4 bats
  3 endoplasms
  5 giant cockroaches
  7 goblins
  5 hobgoblins
  2 jackals (D:4)
  4 quokkas
  3 frilled lizards
  8 kobolds
  7 rats
181 creatures vanquished.

Vanquished Creatures (others)
  An orc (D:9)
1 creature vanquished.

Grand Total: 182 creatures vanquished

Notes
Turn   | Place    | Note
-------+----------+-------------------------------------------
     0 | D:1      | qw the Gargoyle Hexslinger began the quest for the Orb.
     0 | D:1      | Reached XP level 1. HP: 12/12 MP: 2/2
     0 | D:1      | 0 ||| qw: Version: 0.3-a-52-g30416fa
     0 | D:1      | 0 ||| qw: Game counter: 5436
     0 | D:1      | 0 ||| qw: Melee chars always use a shield: true
     0 | D:1      | 0 ||| qw: God list: Okawaru
     0 | D:1      | 0 ||| qw: Allow faded altars: false
     0 | D:1      | 0 ||| qw: Do Orc after clearing Dungeon:15 true
     0 | D:1      | 0 ||| qw: Do second Lair branch before Depths: true
     0 | D:1      | 0 ||| qw: Lair rune preference: random
     0 | D:1      | 0 ||| qw: Goals: Normal
     0 | D:1      | 0 ||| PLANNING D:1-11
   112 | D:1      | Reached XP level 2. HP: 16/16 MP: 3/3
   121 | D:1      | HP: 2/16 [goblin/+0 club (4)]
   167 | D:1      | 167 ||| FLEEEEING.
   168 | D:1      | 168 ||| FLEEEEING.
   169 | D:1      | 169 ||| FLEEEEING.
   170 | D:1      | 170 ||| FLEEEEING.
   171 | D:1      | 171 ||| FLEEEEING.
   172 | D:1      | 172 ||| FLEEEEING.
   173 | D:1      | 173 ||| FLEEEEING.
   174 | D:1      | 174 ||| FLEEEEING.
   175 | D:1      | 175 ||| FLEEEEING.
   176 | D:1      | 176 ||| FLEEEEING.
   177 | D:1      | 177 ||| FLEEEEING.
   203 | D:1      | Found a faded altar of an unknown god.
   213 | D:1      | Reached skill level 3 in Ranged Weapons
   358 | D:1      | Reached XP level 3. HP: 21/21 MP: 4/4
   510 | D:1      | 510 ||| UPGRADING to +0 ring mail.
   520 | D:1      | 520 ||| DROPPING +0 robe.
   521 | D:1      | 521 ||| READING scroll labelled DUZOVY ZORCHI.
   522 | D:1      | 522 ||| READING scroll labelled QAITAQ KUSMOFIASTRU.
   525 | D:1      | 525 ||| READING scroll labelled XAUNKOEDEC.
   526 | D:1      | 526 ||| DROPPING scroll of poison.
   759 | D:2      | Found a broken altar of Ashenzari.
   760 | D:2      | 760 ||| SWAPPING to +0 orcbow.
   761 | D:2      | 761 ||| DROPPING +1 sling.
   810 | D:2      | Noticed Jessica
   816 | D:2      | Killed Jessica
   817 | D:2      | Reached XP level 4. HP: 18/26 MP: 5/5
   960 | D:2      | Reached skill level 4 in Ranged Weapons
  1186 | D:2      | Found Riwk's Antique Weapon Boutique.
  1192 | D:2      | 1192 ||| SHOPLISTING arbalest (126 gold, have 47).
  1323 | D:2      | 1323 ||| UPGRADING to +0 pair of boots.
  1328 | D:2      | 1328 ||| DROPPING ring of wizardry.
  1329 | D:2      | 1329 ||| UPGRADING to +6 ring of strength.
  1330 | D:2      | 1330 ||| READING scroll labelled QUOSUKHL HYEHIE.
  1331 | D:2      | 1331 ||| READING scroll labelled ZOIVOS ELIOCAS.
  1332 | D:2      | 1332 ||| READING scroll labelled XEANNI UQENOA.
  1333 | D:2      | 1333 ||| DRINKING 2 blue potions.
  1334 | D:2      | 1334 ||| DRINKING 2 fuming emerald potions.
  1439 | D:2      | 1439 ||| DROPPING potion of berserk rage.
  1556 | D:3      | 1556 ||| FLEEEEING.
  1559 | D:3      | 1559 ||| FLEEEEING.
  1560 | D:3      | 1560 ||| FLEEEEING.
  1561 | D:3      | 1561 ||| FLEEEEING.
  1562 | D:3      | 1562 ||| FLEEEEING.
  1567 | D:3      | 1567 ||| FLEEEEING.
  1568 | D:3      | 1568 ||| FLEEEEING.
  1569 | D:3      | 1569 ||| FLEEEEING.
  1571 | D:3      | 1571 ||| FLEEEEING.
  1572 | D:3      | 1572 ||| FLEEEEING.
  1577 | D:3      | Reached skill level 1 in Armour
  1584 | D:3      | Reached XP level 5. HP: 19/30 MP: 6/6
  1883 | D:3      | 1883 ||| READING scroll labelled LEMAOG ZOSTRICK.
  1984 | D:3      | 1984 ||| READING scroll labelled GERRAR LEHEIWK.
  1985 | D:3      | 1985 ||| READING scroll labelled IQUMYT QIQENK.
  1986 | D:3      | 1986 ||| DRINKING 2 viscous clear potions.
  1990 | D:3      | 1990 ||| DROPPING potion of ambrosia.
  1995 | D:3      | 1995 ||| STAIRDANCE
  2004 | D:2      | 2004 ||| FLEEEEING.
  2009 | D:2      | 2009 ||| FLEEEEING.
  2010 | D:2      | 2010 ||| FLEEEEING.
  2011 | D:2      | 2011 ||| FLEEEEING.
  2012 | D:2      | 2012 ||| FLEEEEING.
  2013 | D:2      | 2013 ||| FLEEEEING.
  2296 | D:3      | 2296 ||| UPGRADING to +0 cloak.
  2385 | D:4      | Found an ornate altar of the Wu Jian Council.
  2388 | D:4      | Found a sacrificial altar of Ru.
  2391 | D:4      | Found a sparkling altar of Nemelex Xobeh.
  2394 | D:4      | Found a hazy altar of Hepliaklqana.
  2485 | D:4      | Noticed a black bear
  2495 | D:4      | Killed a black bear
  2496 | D:4      | Reached skill level 5 in Ranged Weapons
  2496 | D:4      | Reached XP level 6. HP: 26/35 MP: 7/7
  2550 | D:4      | Reached skill level 3 in Fighting
  2706 | D:4      | 2706 ||| Stepping ~*~*~tactically~*~*~ (outnumbered).
  2708 | D:4      | 2708 ||| Stepping ~*~*~tactically~*~*~ (outnumbered).
  2723 | D:4      | HP: 9/37 [orc/+1 heavy trident (4)]
  2724 | D:4      | 2724 ||| READING 3 scrolls of teleportation.
  2970 | D:4      | You fall into a shaft and drop 3 floors!
  2978 | D:7      | Reached skill level 6 in Ranged Weapons
  3008 | D:7      | 3008 ||| READING 2 scrolls of identify.
  3008 | D:7      | 3008 ||| IDENTIFYING smoky white potion
  3032 | D:5      | Entered Level 5 of the Dungeon
  3395 | D:4      | 3395 ||| UPGRADING to +0 pair of gloves.
  3400 | D:4      | 3400 ||| UPGRADING to ring of resist corrosion.
  3421 | D:5      | 3421 ||| STAIRDANCE
  3534 | D:5      | Reached XP level 7. HP: 39/41 MP: 8/8
  3770 | D:5      | Found a runed translucent door.
  3771 | D:5      | Noticed Crazy Yiuf
  3830 | D:5      | Found a staircase to the Ecumenical Temple.
  3832 | D:5      | 3832 ||| PLANNING TEMPLE
  3832 | D:5      | 3832 ||| UPGRADING to +0 ring mail of fire resistance.
  3842 | D:5      | 3842 ||| DROPPING +0 ring mail.
  3843 | D:5      | 3843 ||| UPGRADING to amulet of guardian spirit.
  3848 | D:5      | 3848 ||| READING scroll labelled UKE NAULEOT TOYRPH.
  3849 | D:5      | 3849 ||| DRINKING 3 clear potions.
  3850 | D:5      | 3850 ||| DROPPING 2 potions of brilliance.
  3858 | Temple   | Entered the Ecumenical Temple
  3859 | Temple   | 3859 ||| PLANNING OKAWARU WORSHIP
  4055 | Temple   | Became a worshipper of Warmaster Okawaru
  4056 | Temple   | 4056 ||| PLANNING D:1-11
  4056 | Temple   | 4056 ||| REMOVING amulet of guardian spirit.
  4061 | Temple   | 4061 ||| DROPPING amulet of guardian spirit.
  4204 | D:5      | Reached skill level 7 in Ranged Weapons
  4261 | D:5      | Reached XP level 8. HP: 37/48 MP: 9/9
  4264 | D:5      | Reached skill level 8 in Ranged Weapons
  4264 | D:5      | 4264 ||| FLEEEEING.
  4265 | D:5      | 4265 ||| FLEEEEING.
  4266 | D:5      | 4266 ||| FLEEEEING.
  4267 | D:5      | 4267 ||| FLEEEEING.
  4272 | D:5      | 4272 ||| STAIRDANCE
  4341 | D:5      | Reached * piety under Okawaru
  4404 | D:5      | Reached skill level 1 in Invocations
  4443 | D:5      | Found a basalt altar of Yredelemnul.
  4820 | D:6      | Reached skill level 3 in Invocations
  4832 | D:6      | 4832 ||| INVOKING Heroism.
  4836 | D:6      | 4836 ||| Stepping ~*~*~tactically~*~*~ (outnumbered).
  4862 | D:6      | 4862 ||| INVOKING Heroism.
  5017 | D:6      | 5017 ||| READING scroll of enchant armour.
  5017 | D:6      | 5017 ||| ENCHANTING +0 pair of gloves.
  5157 | D:6      | 5157 ||| INVOKING Heroism.
  5159 | D:6      | Reached skill level 9 in Ranged Weapons
  5159 | D:6      | Reached XP level 9. HP: 32/54 MP: 9/12
  5364 | D:6      | 5364 ||| INVOKING Heroism.
  5382 | D:6      | 5382 ||| DROPPING ring of flight.
  5383 | D:6      | 5383 ||| DRINKING 2 fizzy clear potions.
  5384 | D:6      | 5384 ||| DRINKING 2 smoky puce potions.
  5420 | D:6      | 5420 ||| READING 2 scrolls of identify.
  5420 | D:6      | 5420 ||| IDENTIFYING ruby potion
  5421 | D:6      | 5421 ||| DROPPING potion of lignification.
  5436 | D:7      | 5436 ||| STAIRDANCE
  5472 | D:7      | 5472 ||| STAIRDANCE
  5480 | D:6      | Reached skill level 3 in Armour
  5512 | D:7      | 5512 ||| INVOKING Heroism.
  5528 | D:7      | 5528 ||| STAIRDANCE
  5530 | D:6      | 5530 ||| INVOKING Heroism.
  5539 | D:6      | Reached skill level 6 in Fighting
  5585 | D:7      | 5585 ||| FLEEEEING.
  5602 | D:7      | 5602 ||| INVOKING Heroism.
  5639 | D:7      | Found a transporter.
  5643 | D:7      | 5643 ||| READING scroll of enchant armour.
  5643 | D:7      | 5643 ||| ENCHANTING +1 pair of gloves.
  5645 | D:7      | Found Qitumuucw's Antique Armour Boutique.
  5677 | D:7      | 5677 ||| INVOKING Heroism.
  5696 | D:7      | Identified the +3 hand axe "Mitukkes" {freeze, rN+ Will-
                  | Int-5 Dex+9}
  5745 | D:7      | Reached skill level 10 in Ranged Weapons
  5957 | D:7      | Found a transporter.
  6200 | D:8      | Identified the +9 falchion of Contention {chaos, rPois rF+}
  6228 | D:8      | Noticed Erica
  6229 | D:8      | 6229 ||| INVOKING Heroism.
  6236 | D:8      | HP: 9/56 [stone wall collision (10)]
  6237 | D:8      | 6237 ||| READING 7 scrolls of teleportation.
  6238 | D:8      | 6238 ||| DRINKING potion of heal wounds.
  6261 | D:8      | 6261 ||| INVOKING Heroism.
  6285 | D:8      | Killed Erica
  6285 | D:8      | Reached ** piety under Okawaru
  6286 | D:8      | Reached XP level 10. HP: 23/65 MP: 13/13
  6464 | D:8      | 6464 ||| INVOKING Heroism.
  6506 | D:8      | Found Xaareive's Magic Scroll Emporium.
  6536 | D:8      | Found Toogits's Book Boutique.
  6763 | D:8      | 6763 ||| INVOKING Heroism.
  6996 | D:8      | Found a shimmering blue altar of Sif Muna.
  7033 | D:8      | 7033 ||| READING 3 scrolls labelled SUIFFO IWNEZ.
  7034 | D:8      | 7034 ||| DRINKING 2 puce potions.
  7035 | D:8      | 7035 ||| DROPPING 2 scrolls of noise.
  7071 | D:9      | 7071 ||| STAIRDANCE
  7074 | D:8      | 7074 ||| INVOKING Heroism.
  7092 | D:8      | Reached skill level 11 in Ranged Weapons
  7215 | D:9      | 7215 ||| STAIRDANCE
  7217 | D:9      | 7217 ||| STAIRDANCE
  7223 | D:9      | 7223 ||| INVOKING Heroism.
  7244 | D:9      | 7244 ||| STAIRDANCE
  7250 | D:8      | Reached skill level 3 in Dodging
  7423 | D:9      | 7423 ||| STAIRDANCE
  7579 | D:9      | Found a staircase to the Lair.
  7590 | D:9      | Reached *** piety under Okawaru
  7595 | D:9      | 7595 ||| INVOKING Heroism.
  7610 | D:9      | HP: 13/65 [orc priest/divine providence (11)]
  7611 | D:9      | 7611 ||| READING 7 scrolls of teleportation.
  7611 | D:9      | Killed from afar by an orc priest

Levels and vault maps discovered:
D:1:      psy_arrival_terrarium, layout_basic, chequers_ecumenical_altar_island
D:2:      layout_basic, serial_shops, shop, basic_altar, serial_park_tiny_2,
          kennysheep_jessica_study
D:3:      layout_loops_ring
D:4:      layout_gridville, grunt_temple_overflow_cloverleaf
D:5:      layout_rooms, lemuel_mausoleum_altar_yredelemnul,
          minmay_temple_entry_wispy, uniq_crazy_yiuf_cottage
D:6:      layout_basic
D:7:      layout_basic, enter_bailey_8, serial_shops, nicolae_shop_drivethru
D:8:      layout_rooms, led_sif_book, serial_shops,
          nicolae_shop_real_fake_doors, shop, corexii_corridor_pit,
          serial_bayou_crossing, uniq_erica
D:9:      layout_cave_pools, amethyst_overflow_temple_binary,
          hellmonk_lair_entry_icy, nicolae_titane
Temple:   eino_narrow_crystal_temple

Skill      XL: |  1  2  3  4  5  6  7  8  9 10 |
---------------+-------------------------------+-----
Ranged Weapons | 3 4 5 6 7 9 10 11 | 11.6
Fighting       | 2 3 4 5 8 |  8.7
Armour         | 1 2 3 4 |  4.0
Invocations    | 4 |  4.3
Dodging        | 2 3 |  3.0
Spellcasting   | |  1.0
Hexes          | |  2.6

Action                     |  1- 3 |  4- 6 |  7- 9 | 10-12 || total
---------------------------+-------+-------+-------+-------++-------
   Fire: Sling             |    70 |       |       |       ||    70
         Orcbow            |     6 |   208 |   420 |   205 ||   839
 Invoke: Heroism           |       |       |    10 |     5 ||    15
    Use: Scroll            |     3 |     8 |     5 |     2 ||    18
         Potion            |       |     3 |     4 |     1 ||     8
 Armour: Robe              |     4 |       |       |       ||     4
         Ring mail         |     4 |   115 |   195 |   193 ||   507
  Dodge: Dodged            |    20 |    85 |   194 |   222 ||   521

Table legend:
 A = Non-vault XP
 B = Vault XP
 C = Vault XP percentage of total XP
 D = Non-vault monster count
 E = Vault monster count
 F = Vault count percentage of total count
                 A         B        C        D         E       F
            +---------+---------+-------+---------+---------+-------
      Total |    4572 |    2825 |  38.2 |     156 |      25 |  13.8
            +---------+---------+-------+---------+---------+-------
        D:1 |      36 |       0 |   0.0 |      22 |       0 |   0.0
        D:2 |      60 |      39 |  39.4 |      12 |       2 |  14.3
        D:3 |      74 |       0 |   0.0 |      15 |       0 |   0.0
        D:4 |     256 |       0 |   0.0 |      19 |       0 |   0.0
        D:5 |     503 |     612 |  54.9 |      18 |      12 |  40.0
        D:6 |    1108 |       0 |   0.0 |      22 |       0 |   0.0
        D:7 |    1034 |       0 |   0.0 |      16 |       0 |   0.0
        D:8 |    1018 |    1064 |  51.1 |      23 |       4 |  14.8
        D:9 |     483 |    1110 |  69.7 |       9 |       7 |  43.8
            +---------+---------+-------+---------+---------+-------
